 Dungeon Crawl Stone Soup version 0.24-a0-365-ga4d96b6e6e (console) character file.

Game seed: 6655842249812234173

55433 Dragon00 the Severer (level 14, -4/130 HPs)
             Began as a Minotaur Berserker on May 26, 2019.
             Was an Elder of Trog.
             Killed by divine providence
             ... invoked by an orc priest
              (9 damage)
             ... on level 2 of the Orcish Mines on May 27, 2019.
             The game lasted 01:36:11 (21065 turns).

Dragon00 the Severer (Minotaur Berserker)          Turns: 21065, Time: 01:36:12

Health: -4/130     AC: 23    Str: 22    XL:     14   Next: 38%
Magic:  13/13      EV: 14    Int:  4    God:    Trog [****..]
Gold:   1620       SH:  0    Dex: 15    Spells: 13/13 levels left

rFire    + . .     SeeInvis .   a - +4 battleaxe (freeze)
rCold    . . .     Gourm    +   (shield currently unavailable)
rNeg     . . .     Faith    .   O - +2 plate armour {rF+}
rPois    +         Spirit   .   (helmet restricted)
rElec    .         Reflect  .   r - +0 cloak
rCorr    .         Harm     .   i - +1 pair of gloves
MR       +....                  h - +0 pair of boots
Stlth    ..........             K - amulet of the gourmand
HPRegen  0.31/turn              C - ring of poison resistance
MPRegen  0.13/turn              (no ring)

@: berserk cooldown, slowed, lightly drained, very slow
A: retaliatory headbutt, horns 2
a: Berserk, Trog's Hand, Brothers in Arms, Renounce Religion


You were on level 2 of the Orcish Mines.
You worshipped Trog.
Trog was greatly pleased with you.
You were very full.

You visited 4 branches of the dungeon, and saw 20 of its levels.
You also visited: Ice Cave.

You collected 1620 gold pieces.

Inventory:

Hand Weapons
 a - a +4 battleaxe of freezing (weapon)
 b - a +1 hunting sling of freezing
 q - a +2 dire flail
Missiles
 k - 477 stones
 s - 11 sling bullets
 t - 8 boomerangs
 H - 2 silver boomerangs (quivered)
Armour
 h - a +0 pair of boots (worn)
 i - a +1 pair of gloves (worn)
 r - a +0 cloak (worn)
 y - a +1 plate armour of poison resistance
 O - a +2 plate armour of fire resistance (worn)
Jewellery
 w - an uncursed ring of ice
 C - a ring of poison resistance (left hand)
 K - an amulet of the gourmand (around neck)
Wands
 g - a wand of polymorph (8)
 l - a wand of acid (15)
 n - a wand of flame (18)
 x - a wand of paralysis (9)
 D - a wand of digging (6)
 E - a wand of iceblast (11)
 L - a wand of disintegration (15)
Scrolls
 d - 10 scrolls of remove curse
 j - 8 scrolls of identify
 p - 3 scrolls of blinking
 A - a scroll of fear
 B - a scroll of enchant weapon
 I - a scroll of fog
 J - 5 scrolls of teleportation
Potions
 e - 5 potions of brilliance
 f - 6 potions of agility
 m - 4 potions of flight
 o - a potion of curing
 u - 4 potions of lignification
 v - 6 potions of might
 z - a potion of heal wounds
 G - 2 potions of haste
Miscellaneous
 F - a fan of gales
Comestibles
 c - 30 rations


   Skills:
 + Level 13.8(13.7) Fighting
 * Level 18.0(17.9) Axes
 + Level 13.6(13.4) Armour
 + Level 12.7(12.5) Dodging


You had 13 spell levels left.
You didn't know any spells.
Your spell library was empty.

Dungeon Overview and Level Annotations

Branches:
Dungeon (11/15)            Temple (1/1) D:4            Lair (6/6) D:10
 Shoals (0/4) Lair:4        Snake (0/4) Lair:3        Slime (0/5) Lair:6
    Orc (2/2) D:11            Elf (0/3) Orc:2

Altars:
Ashenzari
Cheibriados
Dithmenos
Elyvilon
Fedhas
Gozag
Hepliaklqana
Kikubaaqudgha
Makhleb
Nemelex Xobeh
Okawaru
Qazlal
Ru
Sif Muna
Trog
Uskayaw
Vehumet
Wu Jian
Xom
Yredelemnul
Zin
The Shining One

Shops:
D:4 %

Annotations:
D:9 exclusion: ice statue


Innate Abilities, Weirdness & Mutations

You reflexively headbutt those who attack you in melee.
You have a pair of horns on your head.


Message History

Items here: )))))))) [[[[[ †††† You feel a strong urge to attack something.
The orc warrior barely misses you.
Items here: ) [[ †† a +0 flail; a +0 ring mail x2; an orc corpse x2
You are no longer berserk.
You are exhausted.
You feel yourself slow down.
The orc warlord roars a battlecry!
The orc warrior throws a boomerang.
The boomerang hits you but does no damage.
The weapon returns to the orc warrior!
You hear a shout!
The neqoxec gestures.
The orc priest calls down the wrath of Beogh upon you.
Beogh smites you!
* * * LOW HITPOINT WARNING * * *
The orc priest calls down the wrath of Beogh upon you.
Beogh smites you!
You die... .....▓.....▓▓▓.▓▓.▓..▓...... .....................▓...o.. .......................o.o. ▓....................oo.... ▓▓.▓▓.............o5o5ooo... ▓....▓.............5.5oooo.o .................▓.33ooo.oo. ▓.............$...5o)▓o...o. .................o...▓ o..oo

.....................▓
▓▓▓o
▓...............@....▓
.....................▓
...........).).......▓
.............).<.....▓
.......▓.....))..)...▓
.....................▓
..................)..▓
▓..............)▓....▓
...........)...▓)....▓▓▓
..$...▓..................$
.....................▓....


You could see an orc warlord, an orc high priest, a sun demon, a neqoxec, an orc
sorcerer, 4 orc warriors, 3 orc priests, an orc wizard, a quasit, a crimson imp,
a shadow imp, an orc and 2 ufetubi.

Vanquished Creatures
  A frost giant (IceCv)
  Erolcha (Orc:2)
  2 hydras
  A centaur warrior (D:10)
  A two-headed ogre (D:11)
  4 death yaks (Lair:4)
  2 orc high priests (Orc:2)
  An unseen horror (D:11)
  A cyclops (Orc:1)
  2 orc sorcerers (Orc:2)
  2 ugly things
  8 elephants
  5 black mambas
  2 ice statues (IceCv)
  25 spiny frogs
  3 rime drakes
  5 komodo dragons
  2 ice devils (D:11)
  2 trolls
  14 polar bears (IceCv)
  5 tyrant leeches (Lair:6)
  5 dream sheep (Lair:6)
  A slime creature (Lair:6)
  18 blink frogs
  A snapping turtle (Lair:4)
  2 hippogriffs
  Sigmund (D:4)
  40 yaks
  A wyvern (Lair:6)
  A human (D:7)
  3 hogs (D:7)
  4 basilisks
  A hungry ghost (D:10)
  6 vampire mosquitoes (Lair:6)
  4 nagas (Lair:3)
  9 water moccasins
  6 porcupines
  A black bear (Lair:2)
  17 orc warriors
  3 phantoms
  4 sky beasts
  A hornet zombie (D:8)
  4 ice beasts
  4 centaurs
  9 ogres
  21 wolves
  12 crocodiles
  18 bullfrogs
  A wyvern skeleton (D:7)
  8 scorpions
  3 howler monkeys
  9 wights
  7 electric eels
  A crimson imp (D:5)
  A quasit (D:6)
  3 hounds
  18 orc priests
  3 bullfrog skeletons
  6 jellies
  An iguana (D:5)
  2 centaur skeletons (D:10)
  25 orc wizards
  5 worker ants
  A hound zombie (D:5)
  4 gnolls (D:3)
  7 adders
  3 shadow imps
  3 oozes
  An adder skeleton (D:4)
  3 worms
  3 dart slugs
  4 leopard geckos
  50 orcs
  A ball python (D:1)
  5 giant cockroaches
  10 goblins
  10 hobgoblins
  5 jackals
  5 quokkas
  5 bats
  5 frilled lizards
  6 kobolds
  A leopard gecko skeleton (D:6)
  A leopard gecko zombie (D:6)
  A quokka skeleton (D:9)
  A quokka zombie (D:6)
  6 rats
  4 fungi (Lair:6)
  12 plants
536 creatures vanquished.

Vanquished Creatures (others)
  4 fungi
  43 plants
47 creatures vanquished.

Grand Total: 583 creatures vanquished

Notes
Turn   | Place    | Note
-------+----------+-------------------------------------------
     0 | D:1      | Dragon00 the Minotaur Berserker began the quest for the
                  | Orb.
     0 | D:1      | Reached XP level 1. HP: 19/19 MP: 0/0
   152 | D:1      | Reached XP level 2. HP: 27/27 MP: 1/1
   595 | D:1      | Reached skill level 4 in Axes
   659 | D:2      | Reached XP level 3. HP: 24/33 MP: 2/2
  1459 | D:2      | Reached ** piety under Trog
  1780 | D:3      | Reached XP level 4. HP: 41/41 MP: 3/3
  2032 | D:3      | Noticed a centaur
  2056 | D:3      | Reached XP level 5. HP: 47/47 MP: 4/4
  2060 | D:3      | Killed a centaur
  2060 | D:3      | Reached skill level 5 in Fighting
  2191 | D:3      | Reached skill level 5 in Axes
  2191 | D:3      | Reached XP level 6. HP: 56/56 MP: 5/5
  2449 | D:4      | Found Doileo's Food Shoppe.
  2510 | D:4      | Reached *** piety under Trog
  2645 | D:4      | Noticed Sigmund
  2672 | D:4      | Killed Sigmund
  2672 | D:4      | Reached XP level 7. HP: 21/61 MP: 6/6
  2963 | D:4      | Found a staircase to the Ecumenical Temple.
  2971 | Temple   | Entered the Ecumenical Temple
  3260 | D:4      | Reached skill level 6 in Axes
  3260 | D:4      | Reached skill level 5 in Armour
  3676 | D:4      | Found a glowing golden altar of the Shining One.
  3762 | D:5      | Entered Level 5 of the Dungeon
  3917 | D:5      | Reached skill level 5 in Dodging
  3918 | D:5      | Reached skill level 7 in Axes
  3957 | D:5      | Reached XP level 8. HP: 64/71 MP: 7/7
  4468 | D:6      | Noticed a cyan ugly thing
  4477 | D:5      | Killed a cyan ugly thing
  4477 | D:5      | Reached skill level 8 in Axes
  4866 | D:6      | Received a gift from Trog
  4880 | D:6      | Reached skill level 9 in Axes
  4975 | D:6      | Reached XP level 9. HP: 75/79 MP: 8/8
  5304 | D:6      | Found a blossoming altar of Fedhas.
  5319 | D:6      | Found an ancient bone altar of Kikubaaqudgha.
  5637 | D:7      | Reached skill level 10 in Axes
  5818 | D:7      | Reached **** piety under Trog
  6499 | D:7      | Reached XP level 10. HP: 56/90 MP: 9/9
  6505 | D:7      | Reached skill level 11 in Axes
  6746 | D:7      | Found an opulent altar of Gozag.
  6747 | D:7      | Found a glowing silver altar of Zin.
  6996 | D:8      | Found a sacrificial altar of Ru.
  7002 | D:8      | Found a shimmering altar of Xom.
  7003 | D:8      | Found a sparkling altar of Nemelex Xobeh.
  7005 | D:8      | Found a bloodstained altar of Trog.
  7007 | D:8      | Found a glowing golden altar of the Shining One.
  7009 | D:8      | Found an ornate altar of the Wu Jian Council.
  7551 | D:8      | Noticed a brown ugly thing
  7559 | D:8      | Killed a brown ugly thing
  8072 | D:9      | Noticed an ice statue
  8546 | D:9      | Found a shadowy altar of Dithmenos.
  8795 | D:10     | Entered Level 10 of the Dungeon
  8956 | D:10     | Found a staircase to the Lair.
  9014 | D:10     | Reached skill level 12 in Axes
  9364 | D:10     | Noticed a centaur warrior
  9378 | D:10     | Killed a centaur warrior
  9693 | D:10     | Reached XP level 11. HP: 48/99 MP: 10/10
 10034 | D:11     | Reached skill level 10 in Fighting
 10046 | D:11     | Found a staircase to the Orcish Mines.
 10225 | D:11     | Noticed a two-headed ogre
 10239 | D:11     | Killed a two-headed ogre
 10418 | D:11     | Found a frozen archway.
 10423 | D:11     | Reached skill level 13 in Axes
 10433 | D:11     | Reached skill level 10 in Armour
 10440 | IceCv    | Entered an ice cave
 11741 | IceCv    | Reached skill level 14 in Axes
 11939 | IceCv    | Reached skill level 10 in Dodging
 12200 | IceCv    | Noticed a frost giant
 12220 | IceCv    | Killed a frost giant
 12220 | IceCv    | Reached XP level 12. HP: 93/110 MP: 11/11
 13083 | Lair:1   | Entered Level 1 of the Lair of Beasts
 13084 | Lair:1   | Upgraded the game from 0.24-a0-361-g57161393b2 to
                  | 0.24-a0-365-ga4d96b6e6e
 14539 | Lair:2   | Reached skill level 15 in Axes
 15189 | Lair:2   | Noticed a seven-headed hydra
 15197 | Lair:2   | Killed a seven-headed hydra
 15534 | Lair:3   | Reached ***** piety under Trog
 15806 | Lair:3   | Found a staircase to the Snake Pit.
 16463 | Lair:4   | Noticed a death yak
 16464 | Lair:4   | Noticed a death yak
 16468 | Lair:4   | Noticed a death yak
 16468 | Lair:4   | Noticed a death yak
 16470 | Lair:4   | Killed a death yak
 16470 | Lair:4   | Reached XP level 13. HP: 119/119 MP: 12/12
 16474 | Lair:4   | Reached skill level 16 in Axes
 16907 | Lair:4   | Received a gift from Trog
 17215 | Lair:4   | Found a staircase to the Shoals.
 17525 | Lair:5   | Received a gift from Trog
 18284 | Lair:6   | Entered Level 6 of the Lair of Beasts
 18513 | Lair:6   | Reached skill level 17 in Axes
 19058 | Lair:6   | Reached XP level 14. HP: 129/129 MP: 13/13
 19372 | Lair:6   | Found a staircase to the Slime Pits.
 20517 | Orc:1    | Entered Level 1 of the Orcish Mines
 20850 | Orc:1    | Identified 3 scrolls of acquirement
 20880 | Orc:2    | Entered Level 2 of the Orcish Mines
 20880 | Orc:2    | Noticed Erolcha
 20881 | Orc:2    | Found a staircase to the Elven Halls.
 20884 | Orc:2    | Killed Erolcha
 21051 | Orc:2    | Reached skill level 18 in Axes
 21054 | Orc:2    | Noticed an orc warlord
 21064 | Orc:2    | HP: 4/130 [orc priest/divine providence (13)]
 21065 | Orc:2    | Killed from afar by an orc priest

Levels and vault maps discovered:
D:1:      matt_arrival_diagonals, layout_basic
D:2:      layout_basic, serial_bayou, serial_bayou_pond_d, serial_bayou_shore_b,
          serial_bayou_pond_b, serial_bayou_shore_a, grunt_ministairs_10
D:3:      layout_rooms
D:4:      layout_cave_pools, minmay_temple_entry_arrows, serial_shops,
          kennysheep_mini, minivault_4, chequers_serial_rivers_micro_d,
          tso_altar, uniq_sigmund
D:5:      layout_loops_ring, first_ration
D:6:      layout_rooms, grunt_temple_overflow_growth_and_decay
D:7:      layout_layer_cave, grunt_temple_overflow_gold_and_silver,
          grunt_livestock
D:8:      layout_rooms, minitemple, minmay_strange_pillars,
          small_chamber_with_monster, serial_bayou_ford_a
D:9:      lemuel_ice_statue, layout_loops_cross,
          grunt_dithmenos_smoke_and_mirrors
D:10:     cheibrodos_two_vegetables, layout_basic, lair_entry_dummy
D:11:     layout_irregular_city, david_orc_3, portal_ice_cave_demonic_guard,
          st_stairs_3
Temple:   minmay_temple_curvy_loop
Lair:1:   layout_hall_layers
Lair:2:   layout_gridlike, serial_forest, infiniplex_forest_lined_3,
          infiniplex_forest_end_3, infiniplex_forest_lined_room_2,
          infiniplex_forest_split, infiniplex_forest_end_3, st_stairs_6,
          hibernation_bobbens
Lair:3:   layout_regular_city, minmay_snake_entry_guardpost_medium,
          beast_lair_carwin_6, lemuel_fruit_tree
Lair:4:   layout_gridlike, minmay_shoals_entry_hut, serial_bayou_pond_e,
          grunt_megastairs_5
Lair:5:   layout_small_grid, minmay_hedge_maze, st_stairs_5,
          infiniplex_staircase_pool
Lair:6:   minmay_lair_end_frog_pond, layout_small_grid,
          minmay_slime_entry_pillars
Orc:1:    layout_caves
Orc:2:    st_orc_congregation, layout_caves, gauntlet_entry_generic,
          uniq_nessos, uniq_erolcha

Skill      XL: |  1  2  3  4  5  6  7  8  9 10 11 12 13 14 |
---------------+-------------------------------------------+-----
Fighting       | 4 5 6 7 8 9 11 12 13 | 13.8
Axes           | 4 5 7 9 10 12 14 15 17 18 | 18.0
Armour         | 3 4 5 7 8 9 11 12 13 | 13.6
Dodging        | 3 4 5 6 7 8 10 11 12 | 12.7

Action                   |  1- 3 |  4- 6 |  7- 9 | 10-12 | 13-15 || total
-------------------------+-------+-------+-------+-------+-------++-------
Melee: Hand axe          |    62 |    79 |    19 |       |       ||   160
       Headbutt          |    12 |    20 |    53 |   130 |    94 ||   309
       War axe           |       |       |   197 |    88 |       ||   285
       Battleaxe         |       |       |       |   381 |   375 ||   756
       Dire flail        |       |       |       |    31 |    10 ||    41
 Fire: Hunting sling     |     2 |    19 |    35 |   147 |    92 ||   295
Throw: Stone             |    55 |    10 |    21 |       |       ||    86
       Boomerang         |       |       |       |    17 |    13 ||    30
Invok: Berserk           |     3 |     4 |     6 |    16 |     5 ||    34
       Trog's Hand       |       |     2 |     4 |    16 |     7 ||    29
Evoke: Wand              |       |       |       |     2 |       ||     2
  Use: Scroll            |       |       |    13 |    13 |     8 ||    34
       Potion            |       |       |       |       |     3 ||     3
  Eat: Chunk             |     3 |     4 |    15 |    30 |    40 ||    92
       Ration            |     1 |       |     2 |     7 |     1 ||    11
Armor: Animal skin       |     2 |       |       |       |       ||     2
       Leather armour    |     7 |       |       |       |       ||     7
       Scale mail        |     5 |    37 |    29 |       |       ||    71
       Plate armour      |       |       |    60 |   311 |   169 ||   540
Dodge: Dodged            |    37 |    46 |   102 |   274 |   216 ||   675

Table legend:
 A = Non-vault XP
 B = Vault XP
 C = Vault XP percentage of total XP
 D = Non-vault monster count
 E = Vault monster count
 F = Vault count percentage of total count
                 A         B        C        D         E       F
            +---------+---------+-------+---------+---------+-------
      Total |   43021 |   36169 |  45.7 |     366 |     154 |  29.6
            +---------+---------+-------+---------+---------+-------
        D:1 |      31 |       0 |   0.0 |      17 |       0 |   0.0
        D:2 |      27 |      17 |  38.6 |      13 |       3 |  18.8
        D:3 |     328 |       0 |   0.0 |      35 |       0 |   0.0
        D:4 |     286 |     227 |  44.2 |      21 |       1 |   4.5
        D:5 |    1384 |       0 |   0.0 |      19 |       0 |   0.0
        D:6 |    1301 |       0 |   0.0 |      29 |       0 |   0.0
        D:7 |    1456 |    1003 |  40.8 |      19 |       5 |  20.8
        D:8 |     723 |     543 |  42.9 |       8 |       1 |  11.1
        D:9 |     898 |       0 |   0.0 |      18 |       0 |   0.0
       D:10 |    1583 |    1353 |  46.1 |      24 |       9 |  27.3
       D:11 |    2193 |    1408 |  39.1 |      12 |       9 |  42.9
     Lair:1 |    1371 |       0 |   0.0 |       8 |       0 |   0.0
     Lair:2 |    2500 |    1328 |  34.7 |      12 |       2 |  14.3
     Lair:3 |    5539 |    1614 |  22.6 |      21 |      10 |  32.3
     Lair:4 |    7134 |     925 |  11.5 |      22 |       5 |  18.5
     Lair:5 |    4833 |    1380 |  22.2 |      26 |       5 |  16.1
     Lair:6 |    8475 |   12470 |  59.5 |      26 |      45 |  63.4
      Orc:1 |    1747 |       0 |   0.0 |      26 |       0 |   0.0
      Orc:2 |    1212 |    3981 |  76.7 |      10 |      23 |  69.7
      IceCv |       0 |    9920 | 100.0 |       0 |      36 | 100.0
            +---------+---------+-------+---------+---------+-------
